SL
ROCKY MOUNTAIN NUGGETS @ BROOKLYN DODGERS
09/16/2028
 
TOP OF THE 1ST
Rocky Mountain Nuggets batting - Pitching for Brooklyn Dodgers : RHP Eddie Kop
Pitching: RHP Eddie Kop
Batting: RHB Luis Ríos 0-0: Ball
1-0: Called Strike
1-1: SINGLE (Line Drive, 56D)
Batting: LHB Roberto Salazar 0-0: Ball
1-0: Ball
2-0: Swinging Strike
2-1: Fly out, F6 (Line Drive, 6M)
Batting: RHB Iván Vega 0-0: Called Strike
0-1: Swinging Strike
0-2: Ball
1-2: Ball
2-2: Ball
3-2: DOUBLE (Flyball, 8LXD)
Luis Ríos to third
Batting: LHB Javier Sánchez 0-0: Foul Ball, location: 2F
0-1: Called Strike
0-2: Fly out, F7 (Line Drive, 78M)
Runner from 3rd tags up, SCORES, no throw
Batting: LHB Chia-ch'ing Dodman 0-0: Ball
1-0: Called Strike
1-1: SINGLE (Line Drive, 4MD)
Iván Vega to third
Runner from 3rd tries for Home, SAFE, no throw
Batting: RHB José Carlos Pérez 0-0: Ball
1-0: Called Strike
1-1: Ball
2-1: Swinging Strike
2-2: Fielders Choice at 2nd, 5-4 (Groundball, 5L)
Top of the 1st over - 2 run(s), 3 hit(s), 0 error(s), 0 left on base; Rocky Mountain 2 - Brooklyn 0
BOTTOM OF THE 1ST
Brooklyn Dodgers batting - Pitching for Rocky Mountain Nuggets : LHP Cisco Cazares
Pitching: LHP Cisco Cazares
Batting: RHB Vincent Crane 0-0: Ball
1-0: Called Strike
1-1: Ball
2-1: Ball
3-1: Called Strike
3-2: Strikes out looking
Batting: RHB Ulbert Sutkamp 0-0: Called Strike
0-1: Ball
1-1: Ball
2-1: Called Strike
2-2: Ball
3-2: Foul Ball, location: 2F
3-2: Strikes out looking
Batting: LHB Manuel Carmona 0-0: Called Strike
0-1: Swinging Strike
0-2: Fly out, F2 (Popup, 3S)
Bottom of the 1st over - 0 run(s), 0 hit(s), 0 error(s), 0 left on base; Rocky Mountain 2 - Brooklyn 0
TOP OF THE 2ND
Rocky Mountain Nuggets batting - Pitching for Brooklyn Dodgers : RHP Eddie Kop
Batting: RHB Javier Martínez 0-0: Called Strike
0-1: Foul Ball, location: 2F
0-2: Ball
1-2: Foul Ball, location: 2F
1-2: Foul Ball, location: 2F
1-2: SINGLE (Line Drive, 9S)
Batting: RHB Manuel Becerra 0-0: Called Strike
0-1: Ball
1-1: Swinging Strike
1-2: Foul Ball, location: 2F
1-2: Ball
2-2: Foul Ball, location: 2F
2-2: Strikes out swinging
Batting: RHB Sergio Martínez 0-0: Ball
1-0: Called Strike
1-1: Ball
2-1: Ball
3-1: Foul Ball, location: 2F
3-2: Foul Ball, location: 2F
3-2: Foul Ball, location: 2F
3-2: Strikes out looking
Javier Martínez steals 2nd base
Batter strikes out.
Batting: RHB Luis Ríos 0-0: Called Strike
0-1: Ground out 5-3 (Groundball, 5L)
Top of the 2nd over - 0 run(s), 1 hit(s), 0 error(s), 1 left on base; Rocky Mountain 2 - Brooklyn 0
BOTTOM OF THE 2ND
Brooklyn Dodgers batting - Pitching for Rocky Mountain Nuggets : LHP Cisco Cazares
Batting: LHB Avon Barksdale 0-0: Ball
1-0: Called Strike
1-1: Ground out 6-3 (Groundball, 4MD)
Batting: LHB Mysterious Walker 0-0: Called Strike
0-1: Foul Ball, location: 2F
0-2: Strikes out swinging
Batting: SHB Juan Rivas 0-0: Foul Ball, location: 2F
0-1: Ball
1-1: Swinging Strike
1-2: Foul Ball, location: 2F
1-2: Ball
2-2: Foul Ball, location: 2F
2-2: Foul Ball, location: 2F
2-2: Ground out 1-3 (Groundball, 13S)
Bottom of the 2nd over - 0 run(s), 0 hit(s), 0 error(s), 0 left on base; Rocky Mountain 2 - Brooklyn 0
TOP OF THE 3RD
Rocky Mountain Nuggets batting - Pitching for Brooklyn Dodgers : RHP Eddie Kop
Batting: LHB Roberto Salazar 0-0: Ground out 4-3 (Groundball, 4)
Batting: RHB Iván Vega 0-0: Ball
1-0: Swinging Strike
1-1: Called Strike
1-2: Ball
2-2: Strikes out looking
Batting: LHB Javier Sánchez 0-0: Swinging Strike
0-1: Ball
1-1: Ball
2-1: Swinging Strike
2-2: Strikes out swinging
Top of the 3rd over - 0 run(s), 0 hit(s), 0 error(s), 0 left on base; Rocky Mountain 2 - Brooklyn 0
BOTTOM OF THE 3RD
Brooklyn Dodgers batting - Pitching for Rocky Mountain Nuggets : LHP Cisco Cazares
Batting: LHB Chad Armstrong 0-0: Fly out, F7 (Flyball, 7S)
Batting: LHB Ki-tak Im 0-0: Ball
1-0: Swinging Strike
1-1: Called Strike
1-2: Ground out U3 (Groundball, 34)
Batting: RHB Gerald Clark 0-0: Swinging Strike
0-1: Ground out 6-3 (Groundball, 6)
Bottom of the 3rd over - 0 run(s), 0 hit(s), 0 error(s), 0 left on base; Rocky Mountain 2 - Brooklyn 0
TOP OF THE 4TH
Rocky Mountain Nuggets batting - Pitching for Brooklyn Dodgers : RHP Eddie Kop
Batting: LHB Chia-ch'ing Dodman 0-0: Called Strike
0-1: SOLO HOME RUN (Flyball, 78XD), Distance : 417 ft
Batting: RHB José Carlos Pérez 0-0: Fly out, F8 (Flyball, 8RM)
Batting: RHB Javier Martínez 0-0: Ball
1-0: Fly out, F8 (Flyball, 89M)
Batting: RHB Manuel Becerra 0-0: Ball
1-0: Foul Ball, location: 2F
1-1: Foul Ball, location: 2F
1-2: Ball
2-2: Strikes out swinging
Top of the 4th over - 1 run(s), 1 hit(s), 0 error(s), 0 left on base; Rocky Mountain 3 - Brooklyn 0
BOTTOM OF THE 4TH
Brooklyn Dodgers batting - Pitching for Rocky Mountain Nuggets : LHP Cisco Cazares
Batting: RHB Vincent Crane 0-0: Foul Ball, location: 2F
0-1: Ground out 4-3 (Groundball, 4)
Batting: RHB Ulbert Sutkamp 0-0: Called Strike
0-1: Foul Ball, location: 2F
0-2: SINGLE (Groundball, 6D)
Batting: LHB Manuel Carmona 0-0: Called Strike
0-1: Foul Ball, location: 2F
0-2: Ball
1-2: SINGLE (Groundball, 4D)
Ulbert Sutkamp to second
Runner from 2nd tries for 3rd, OUT!
Manuel Carmona to second
Batting: LHB Avon Barksdale 0-0: Ball
1-0: Called Strike
1-1: Called Strike
1-2: Strikes out swinging
Bottom of the 4th over - 0 run(s), 2 hit(s), 0 error(s), 1 left on base; Rocky Mountain 3 - Brooklyn 0
TOP OF THE 5TH
Rocky Mountain Nuggets batting - Pitching for Brooklyn Dodgers : RHP Eddie Kop
Batting: RHB Sergio Martínez 0-0: Ball
1-0: Ball
2-0: Ball
3-0: Called Strike
3-1: Ground out 5-3 (Groundball, 56S)
Batting: RHB Luis Ríos 0-0: Ball
1-0: SINGLE (Groundball, 56D)
Batting: LHB Roberto Salazar 0-0: Ball
1-0: SINGLE (Groundball, 4MD)
Luis Ríos to second
Runner from 2nd tries for 3rd, SAFE, no throw
Batting: RHB Iván Vega 0-0: Fly out, F2 (Popup, 5S)
Batting: LHB Javier Sánchez 0-0: Called Strike
0-1: Called Strike
0-2: Ball
1-2: Fly out, F7 (Flyball, 78M)
Top of the 5th over - 0 run(s), 2 hit(s), 0 error(s), 2 left on base; Rocky Mountain 3 - Brooklyn 0
BOTTOM OF THE 5TH
Brooklyn Dodgers batting - Pitching for Rocky Mountain Nuggets : LHP Cisco Cazares
Batting: LHB Mysterious Walker 0-0: Ball
1-0: Ball
2-0: Ball
3-0: Called Strike
3-1: Fly out, F3 (Line Drive, 34S)
Batting: SHB Juan Rivas 0-0: Called Strike
0-1: Ball
1-1: Ball
2-1: Swinging Strike
2-2: Fly out, F9 (Flyball, 89S)
Batting: LHB Chad Armstrong 0-0: Called Strike
0-1: Ball
1-1: Ball
2-1: Fly out, F7 (Flyball, 7)
Bottom of the 5th over - 0 run(s), 0 hit(s), 0 error(s), 0 left on base; Rocky Mountain 3 - Brooklyn 0
TOP OF THE 6TH
Rocky Mountain Nuggets batting - Pitching for Brooklyn Dodgers : RHP Eddie Kop
Batting: LHB Chia-ch'ing Dodman 0-0: Called Strike
0-1: Called Strike
0-2: Ball
1-2: Strikes out swinging
Batting: RHB José Carlos Pérez 0-0: Ground out 6-3 (Groundball, 6)
Batting: RHB Javier Martínez 0-0: Called Strike
0-1: Called Strike
0-2: Ball
1-2: Fly out, F8 (Flyball, 8RD)
Top of the 6th over - 0 run(s), 0 hit(s), 0 error(s), 0 left on base; Rocky Mountain 3 - Brooklyn 0
BOTTOM OF THE 6TH
Brooklyn Dodgers batting - Pitching for Rocky Mountain Nuggets : LHP Cisco Cazares
Now at 3B: Ron Ward
Batting: LHB Ki-tak Im 0-0: Foul Ball, location: 2F
0-1: Ball
1-1: Foul Ball, location: 2F
1-2: Ball
2-2: SINGLE (Flyball, 8RS)
Batting: RHB Gerald Clark 0-0: Swinging Strike
Ki-tak Im is caught stealing 2nd base
0-1: Ground out 5-3 (Groundball, 5S)
Batting: RHB Vincent Crane 0-0: Swinging Strike
0-1: Ground out 5-3 (Groundball, 56)
Bottom of the 6th over - 0 run(s), 1 hit(s), 0 error(s), 0 left on base; Rocky Mountain 3 - Brooklyn 0
TOP OF THE 7TH
Rocky Mountain Nuggets batting - Pitching for Brooklyn Dodgers : RHP Eddie Kop
Batting: RHB Manuel Becerra 0-0: Foul Ball, location: 2F
0-1: Foul Ball, location: 2F
0-2: Ball
1-2: Strikes out looking
Batting: RHB Sergio Martínez 0-0: Ball
1-0: Called Strike
1-1: Ball
2-1: Ball
3-1: Base on Balls
Batting: RHB Luis Ríos 0-0: Ball
1-0: Swinging Strike
1-1: Ball
Sergio Martínez steals 2nd base
2-1: DOUBLE (Line Drive, 9LM)
Sergio Martínez scores
Batting: LHB Roberto Salazar 0-0: Ball
1-0: Ground out 4-3 (Groundball, 4)
Luis Ríos to third
Batting: RHB Iván Vega 0-0: Called Strike
0-1: Ground out 6-3 (Groundball, 6)
Top of the 7th over - 1 run(s), 1 hit(s), 0 error(s), 1 left on base; Rocky Mountain 4 - Brooklyn 0
BOTTOM OF THE 7TH
Brooklyn Dodgers batting - Pitching for Rocky Mountain Nuggets : LHP Cisco Cazares
Batting: RHB Ulbert Sutkamp 0-0: Foul Ball, location: 2F
0-1: Ball
1-1: SOLO HOME RUN (Flyball, 7D), Distance : 380 ft
Batting: LHB Manuel Carmona 0-0: Foul Ball, location: 2F
0-1: Foul Ball, location: 2F
0-2: Ground out 6-3 (Groundball, 6)
Batting: LHB Avon Barksdale 0-0: Ball
1-0: Called Strike
1-1: Called Strike
1-2: Foul Ball, location: 2F
1-2: Foul Ball, location: 2F
1-2: Foul Ball, location: 2F
1-2: Foul Ball, location: 2F
1-2: Foul Ball, location: 2F
1-2: Foul Ball, location: 2F
1-2: Ball
2-2: SINGLE (Line Drive, 34D)
Pitching: RHP Hunter Wilson
Batting: LHB Mysterious Walker 0-0: Called Strike
0-1: Ball
1-1: Ball
2-1: SINGLE (Groundball, 4D)
Avon Barksdale to second
Runner from 2nd tries for 3rd, SAFE, throw made to third
Batting: SHB Juan Rivas 0-0: Foul Ball, location: 2F
0-1: SINGLE (Flyball, 8LS)
Avon Barksdale scores
Mysterious Walker to second
Batting: LHB Chad Armstrong 0-0: Foul Ball, location: 2F
0-1: Ball
1-1: Ball
2-1: Ball
3-1: Foul Ball, location: 2F
3-2: Grounds into double play, 4-6-3 (Groundball, 4)
Bottom of the 7th over - 2 run(s), 4 hit(s), 0 error(s), 1 left on base; Rocky Mountain 4 - Brooklyn 2
TOP OF THE 8TH
Rocky Mountain Nuggets batting - Pitching for Brooklyn Dodgers : RHP Eddie Kop
Batting: LHB Javier Sánchez 0-0: Swinging Strike
0-1: Foul Ball, location: 2F
0-2: Ball
1-2: Ball
2-2: Fly out, F7 (Flyball, 7D)
Pitching: RHP John Bailey
Batting: RHB Ron Ward 0-0: Called Strike
0-1: SINGLE (Groundball, 6MD)
Batting: RHB José Carlos Pérez 0-0: Called Strike
0-1: Foul Ball, location: 2F
0-2: Ball
1-2: Foul Ball, location: 2F
1-2: Strikes out looking
Batting: RHB Javier Martínez 0-0: Ball
1-0: Ball
2-0: Fly out, F9 (Flyball, 89D)
Top of the 8th over - 0 run(s), 1 hit(s), 0 error(s), 1 left on base; Rocky Mountain 4 - Brooklyn 2
BOTTOM OF THE 8TH
Brooklyn Dodgers batting - Pitching for Rocky Mountain Nuggets : RHP Hunter Wilson
Batting: LHB Ki-tak Im 0-0: Called Strike
0-1: Ball
1-1: Ground out 4-3 (Groundball, 4MD)
Batting: RHB Gerald Clark 0-0: Ground out 5-3 (Groundball, 56)
Batting: RHB Vincent Crane 0-0: Ball
1-0: Foul Ball, location: 2F
1-1: Ground out 4-3 (Groundball, 4M)
Bottom of the 8th over - 0 run(s), 0 hit(s), 0 error(s), 0 left on base; Rocky Mountain 4 - Brooklyn 2
TOP OF THE 9TH
Rocky Mountain Nuggets batting - Pitching for Brooklyn Dodgers : RHP John Bailey
Batting: RHB Manuel Becerra 0-0: Called Strike
0-1: Ball
1-1: Called Strike
1-2: Ball
2-2: SINGLE (Flyball, 9LS)
Batting: RHB Sergio Martínez 0-0: Bunted foul
0-1: Ball
1-1: Ball
2-1: Bunt missed!
2-2: Ground out 5-3 (Groundball, 56S)
Manuel Becerra to second
Batting: RHB Luis Ríos 0-0: DOUBLE (Line Drive, 7LM)
Manuel Becerra scores
Batting: LHB Roberto Salazar 0-0: SINGLE (Groundball, 4D)
Luis Ríos to third
Runner from 3rd tries for Home, SAFE, no throw
Batting: RHB Iván Vega 0-0: Foul Ball, location: 2F
0-1: Ball
1-1: Called Strike
Roberto Salazar steals 2nd base
1-2: Foul Ball, location: 2F
1-2: Foul Ball, location: 2F
1-2: Foul Ball, location: 2F
1-2: Fly out, F7 (Line Drive, 78M)
Batting: LHB Javier Sánchez 0-0: SINGLE (Line Drive, 9S)
Roberto Salazar to third
Runner from 3rd tries for Home, SAFE, no throw
Pitching: LHP Scott Mildren
Batting: RHB Ron Ward 0-0: Foul Ball, location: 2F
0-1: Ball
1-1: Fielders Choice at 2nd, 5-4 (Groundball, 5)
Top of the 9th over - 3 run(s), 4 hit(s), 0 error(s), 0 left on base; Rocky Mountain 7 - Brooklyn 2
BOTTOM OF THE 9TH
Brooklyn Dodgers batting - Pitching for Rocky Mountain Nuggets : RHP Hunter Wilson
Batting: RHB Ulbert Sutkamp 0-0: Ground out 5-3 (Groundball, 56)
Batting: LHB Manuel Carmona 0-0: Ball
1-0: Foul Ball, location: 2F
1-1: Fly out, F8 (Line Drive, 8RM)
Batting: LHB Avon Barksdale 0-0: Foul Ball, location: 2F
0-1: SOLO HOME RUN (Flyball, 8RXD), Distance : 440 ft
Batting: LHB Mysterious Walker 0-0: Ball
1-0: Ball
2-0: Called Strike
2-1: Called Strike
2-2: Fly out, F9 (Flyball, 9)
Bottom of the 9th over - 1 run(s), 1 hit(s), 0 error(s), 0 left on base; Rocky Mountain 7 - Brooklyn 3
Wednesday, September 6th, 2017 - OOTP Baseball 17.12 Build 75